 Dungeon Crawl Stone Soup version 0.19.5 (webtiles) character file.

666184 nosre the Hoplite (level 27, -15/204 HPs)
             Began as a Formicid Fighter on Apr 5, 2017.
             Was a High Priest of Okawaru.
             Killed from afar by an orb of fire (34 damage)
             ... with a fireball
             ... on level 5 of the Realm of Zot on Apr 10, 2017.
             The game lasted 12:49:43 (101134 turns).

nosre the Hoplite (Formicid Fighter)              Turns: 101134, Time: 12:49:43

Health: -15/204    AC: 40    Str: 29      XL:     27
Magic:  31/31      EV: 24    Int: 14 (15) God:    Okawaru [*****.]
Gold:   5875       SH: 22    Dex: 24      Spells: 4 memorised, 45 levels left

rFire  + . .     SeeInvis +     r - +2 lajatang of Lickes {vamp, rF+ Int+2 Dex+4}
rCold  . . .     Gourm    .     z - +8 crystal plate armour "Danar" {rPois rCorr}
rNeg   + + +     Faith    .     e - +4 shield {reflect}
rPois  +         Spirit   .     (helmet unavailable)
rElec  .         Reflect  +     Y - +2 ratskin cloak {rPois rN+ Int-1 Dex-1}
rCorr  +         Harm     .     o - +2 pair of gloves {Str+3}
MR     ++...     Clarity  +     Q - +2 pair of boots {run}
Stlth  ..........               k - amulet of Baasutru {rF- rN++ Regen+ Dex+5}
                                C - ring of Broken Luck {Fire *Drain Int+4 Dex+2}
                                c - ring of Shaolin {EV+8}

@: quick
A: permanent stasis, dig shafts and tunnels, four strong arms, antennae 3,
clarity, clumsy 1, cold resistance 1, deformed body, deterioration 1, frail 1,
low mp 3, no device heal 2
a: Dig, Shaft Self, Heroism, Finesse, Renounce Religion
}: 3/15 runes: decaying, serpentine, slimy


You were on level 5 of the Realm of Zot.
You worshipped Okawaru.
Okawaru was extremely pleased with you.
You were not hungry.

You visited 13 branches of the dungeon, and saw 58 of its levels.
You visited the Abyss 1 time.
You also visited: Labyrinth, Ossuary and Ice Cave.

You collected 7514 gold pieces.
You spent 1639 gold pieces at shops.

Inventory:

Hand Weapons
 r - the +2 lajatang of Lickes (weapon) {vamp, rF+ Int+2 Dex+4}
   (Okawaru gifted it to you on level 4 of the Vaults)

   It inflicts no extra harm, but heals its wielder when it wounds a living foe.
   It affects your intelligence (+2).
   It affects your dexterity (+4).
   It protects you from fire.
Missiles
 b - 25 javelins of penetration (quivered)
Armour
 e - a +4 shield of reflection (worn)
 o - a +2 pair of gloves of strength (worn)
 z - the +8 crystal plate armour "Danar" (worn) {rPois rCorr}
   (You found it on level 1 of the Crypt)

   It protects you from poison.
   It protects you from acid and corrosion.
 Q - a +2 pair of boots of running (worn)
 Y - the +2 ratskin cloak (worn) {rPois rN+ Int-1 Dex-1}
   (You found it on level 2 of the Snake Pit)

   It affects your intelligence (-1).
   It affects your dexterity (-1).
   It protects you from poison.
   It protects you from negative energy.
Jewellery
 c - the ring of Shaolin (left hand) {EV+8}
   (You took it off a deep elf sorcerer on level 3 of the Elven Halls)

   [ring of evasion]

   It affects your evasion (+8).
 j - an uncursed ring of flight
 k - the amulet of Baasutru (around neck) {rF- rN++ Regen+ Dex+5}
   (You found it on level 4 of the Vaults)

   [amulet of regeneration]

   It affects your dexterity (+5).
   It makes you vulnerable to fire.
   It greatly protects you from negative energy.
   It increases your rate of regeneration.
 C - the ring of Broken Luck (right hand) {Fire *Drain Int+4 Dex+2}
   (You found it on level 1 of the Depths)

   [ring of fire]

   It enhances your fire magic.
   It affects your intelligence (+4).
   It affects your dexterity (+2).
   It protects you from fire.
   It makes you vulnerable to cold.
   It causes draining when unequipped.
 S - the necklace of Bloodlust {*Rage +Rage MR+ Int-3 Slay+3 *Curse}
   (You took it off a tengu reaver on level 3 of the Depths)

   [amulet of rage]

   It affects your intelligence (-3).
   It affects your accuracy and damage with ranged weapons and melee attacks
   (+3).
   It affects your resistance to hostile enchantments.
   It lets you go berserk.
   It may make you go berserk in combat.
   It may re-curse itself when equipped.
 T - the ring of Zyarig {Ice rN+}
   (You found it on level 1 of the Depths)

   [ring of ice]

   It enhances your ice magic.
   It makes you vulnerable to fire.
   It protects you from cold.
   It protects you from negative energy.
Wands
 v - a wand of iceblast (4/15)
 F - a wand of polymorph (11/24)
 G - a wand of paralysis (8/24)
 R - a wand of acid (5/15)
 U - a wand of disintegration (2/24)
 W - a wand of disintegration (9/24)
Scrolls
 h - 9 scrolls of identify
 m - 17 scrolls of remove curse
 s - 3 scrolls of fog
 x - a scroll of summoning
 E - 12 scrolls of fear
 I - 5 scrolls of magic mapping
 M - 3 scrolls of holy word
 P - a scroll of enchant armour
Potions
 d - 14 potions of might
 i - 25 potions of curing
 p - 4 potions of invisibility
 w - 3 potions of resistance
 B - 6 potions of cancellation
 D - a potion of cure mutation
 J - 7 potions of lignification
 V - 8 potions of heal wounds
 X - 3 potions of agility
Books
 a - a book of Summonings

   Spells                             Type                      Level
   a - Recall                         Summoning/Translocation      3
   b - Aura of Abjuration             Summoning                    5
   c - Summon Demon                   Summoning                    5
   d - Summon Forest                  Summoning/Translocation      5
   e - Summon Mana Viper              Hexes/Summoning              5
   f - Shadow Creatures               Summoning                    6
 y - a book of Beasts

   Spells                             Type                      Level
   a - Summon Butterflies             Summoning                    1
   b - Call Canine Familiar           Summoning                    3
   c - Summon Ice Beast               Ice/Summoning                4
   d - Summon Mana Viper              Hexes/Summoning              5
   e - Summon Hydra                   Summoning                    7
Miscellaneous
 g - a phial of floods
 l - 2 boxes of beasts
 n - a fan of gales
 q - a phial of floods
 H - a lamp of fire
 K - a phantom mirror
 L - a lamp of fire
 N - a fan of gales
 O - 2 sacks of spiders
Comestibles
 f - 18 bread rations
 t - a beef jerky
 u - 27 meat rations
 A - 18 chunks of flesh
 Z - 29 fruits


   Skills:
 + Level 20.9 Fighting
   Level 2.0 Axes
 + Level 20.8 Staves
 - Level 21.0 Armour
 - Level 12.0 Dodging
 - Level 13.0 Stealth
 - Level 21.3 Shields
 - Level 18.0 Spellcasting
 - Level 18.0 Summonings
 - Level 8.0 Invocations
 - Level 16.4 Evocations


You had 45 spell levels left.
You knew the following spells:

 Your Spells              Type           Power        Failure   Level  Hunger
a - Aura of Abjuration    Summ           ######....   1%          5    ####...
b - Summon Mana Viper     Hex/Summ       #####...     30%         5    ####...
c - Call Canine Familiar  Summ           ######..     1%          3    None
d - Summon Ice Beast      Ice/Summ       #####...     12%         4    None


Dungeon Overview and Level Annotations

Branches:
Dungeon (15/15)            Temple (1/1) D:4            Lair (6/6) D:10
  Swamp (4/4) Lair:4        Snake (4/4) Lair:3        Slime (5/5) Lair:5
    Orc (2/2) D:9             Elf (3/3) Orc:2        Vaults (4/5) D:13
  Crypt (3/3) Vaults:2       Tomb (0/3) Crypt:3      Depths (5/5) D:15
   Hell (1/1)                 Zot (5/5) Depths:5
    Dis: Hell:1         Geh: Hell:1         Coc: Hell:1         Tar: Hell:1

Altars:
Ashenzari
Cheibriados
Dithmenos
Elyvilon
Fedhas
Gozag
Hepliaklqana
Kikubaaqudgha
Makhleb
Nemelex Xobeh
Okawaru
Qazlal
Ru
Sif Muna
Trog
Uskayaw
Vehumet
Xom
Yredelemnul
Zin
The Shining One
Beogh
Jiyva

Shops:
D:9 !   Orc:1 ?(!   Orc:2 :=!=   Elf:1 *   Elf:2 *   Elf:3 (   Snake:2 ((=
Snake:3 *   Vaults:2 }   Vaults:3 %   Depths:2 ==}   Depths:3 :   Depths:5 [

Portals:
Hell: Depths:1 Depths:2 Depths:3 Depths:4 Depths:5
Abyss: Depths:3 Depths:4
Pandemonium: Depths:1 Depths:3
Ziggurat: Depths:5

Annotations:
Hell Geryon, Murray


Innate Abilities, Weirdness & Mutations

You are under a permanent stasis effect.
You can dig through walls and to a lower floor.
Your four strong arms can wield two-handed weapons with a shield.
You have a pair of large antennae on your head. (SInv)
You possess an exceptional clarity of mind.
You are clumsy. (Dex -2)
Your flesh is cold resistant. (rC+)
Armour fits poorly on your strangely shaped body.
Your body sometimes deteriorates upon taking damage.
You are frail. (-10% HP)
Your magical capacity is extremely low. (-30% MP)
Potions and wands are poor at restoring your health.


Message History

The fireball explodes!
The fireball engulfs you! You resist.
The orb of fire glows deep purple.
The fireball explodes!
The fireball engulfs you! You resist.
You hear a distant "Zot"!
The orb of fire emits a lurid red light.
The bolt of fire hits you! You resist.
* * * LOW HITPOINT WARNING * * *
The orb of fire emits a lurid red light.
Strange energies course through your body.
You feel yourself wasting away.
The orb of fire glows red.
The bolt of fire hits you! You resist.
* * * LOW HITPOINT WARNING * * *
Your body deteriorates!
You feel dopey.
Okay, then.
You see here a +0 pair of boots of flying.
You see here a flail.
The orb of fire glows yellow.
The fireball explodes!
The fireball engulfs you! You resist.
You die...

...## #.............# **,,,,,,,
..## ##.............## **,,,,,,
.## #............[..# **,,,,,
##▓▓▓ ########*######## ******
....## ####..##
##...#####......###
##............[#)##
#.............)#.#
#.........)...@###
#...............###
#..............)..# #####
########....#......[# #....
#....###....#..#....# ####....
#......)......⌠.....#### #.<...(⌠
#......####.####.......###..?....
#.........#.........##...........
###....^#.############.........##


You could see an orb of fire.

Vanquished Creatures
  the Royal Jelly (Slime:5)
  3 ancient liches
  Mennas (Crypt:1)
  6 orbs of fire
  Xtahua (Crypt:1)
  Frederick (Vaults:2)
  Saint Roka (Snake:4)
  2 Killer Klowns (Zot:5)
  4 curse toes
  Nikola (Swamp:2)
  8 golden dragons
  2 bone dragons (Depths:5)
  4 liches
  2 electric golems
  9 tentacled monstrosities
  The ghost of Frank the Hoplite, an adept GrFi of the Shining One (Slime:1)
  8 Orb Guardians (Zot:5)
  26 acid blobs
  3 quicksilver dragons
  2 deep elf blademasters (Elf:3)
  A titan (Depths:3)
  A deep elf master archer (Elf:3)
  A sphinx (Depths:2)
  10 ancient champions
  Gastronok (D:9)
  3 thorn hunters
  11 storm dragons
  9 death cobs
  2 shadow dragons
  4 draconian monks
  Donald (Swamp:2)
  5 tengu reavers
  A revenant (Crypt:1)
  17 azure jellies
  11 vault wardens
  3 orc warlords (Depths:4)
  A fire giant (shapeshifter) (Depths:4)
  6 nagarajas
  An iron dragon (Depths:4)
  4 draconian knights
  13 deep elf sorcerers
  8 fire giants
  3 ghost moths
  Louise (Depths:3)
  4 curse skulls
  11 frost giants
  3 draconian scorchers
  A cacodemon (Depths:1)
  2 deep elf elementalists
  Aizul (Snake:4)
  6 draconian zealots
  13 ironheart preservers
  7 draconian shifters
  13 ghouls
  A juggernaut zombie (Depths:3)
  2 balrugs
  5 draconian annihilators
  An emperor scorpion (shapeshifter) (Vaults:1)
  2 reapers
  3 draconian callers
  19 very ugly things
  24 stone giants
  9 black draconians
  2 caustic shrike skeletons
  14 vampire knights
  7 deep elf demonologists
  An entropy weaver (Vaults:2)
  The ghost of Lucio the Fencer, a journeyman DrBe of Trog (Elf:1)
  6 green draconians
  14 deep elf annihilators
  6 white draconians
  Nessos (D:14)
  2 dire elephants (Lair:6)
  6 purple draconians
  5 red draconians
  A lorocyproca (Depths:1)
  4 eidola
  10 mottled draconians
  9 yellow draconians
  13 spark wasps
  10 fire dragons
  A blizzard demon (Depths:1)
  A green death (Depths:1)
  3 minotaurs
  A merfolk javelineer (Depths:5)
  A crystal guardian (Vaults:4)
  10 yaktaur captains
  12 deep elf death magi
  14 ogre magi
  13 ettins
  A merfolk impaler (Depths:5)
  6 jiangshi
  9 death oozes
  A quicksilver dragon skeleton (Hell)
  12 great orbs of eyes
  An ice dragon (shapeshifter) (Vaults:4)
  4 rakshasas
  17 naga warriors
  8 ice dragons
  4 deep elf high priests (Elf:3)
  5 spriggan air magi
  Fannar (Lair:2)
  A ghost crab (Swamp:3)
  27 hydras
  9 centaur warriors
  A merfolk avatar (Lair:6)
  7 vault guards
  2 death knights
  37 dancing weapons
  6 anacondas
  9 deep troll earth magi
  11 alligators
  13 deep troll shamans
  5 tengu warriors
  10 naga sharpshooters
  8 vampire magi
  3 death yaks (Lair:6)
  3 shock serpents
  9 orc high priests
  11 soul eaters
  26 deep elf knights
  3 sun demons
  10 iron trolls
  9 spriggan berserkers
  Nergalle (Lair:3)
  2 shadow wraiths
  37 skeletal warriors
  A titan skeleton (Crypt:3)
  2 spark wasp zombies
  A death drake (shapeshifter) (Depths:3)
  A salamander mystic (Depths:4)
  A storm dragon skeleton (Depths:3)
  10 wizards
  An unseen horror (shapeshifter) (Vaults:1)
  2 spriggan druids
  10 swamp dragons
  5 flayed ghosts
  3 unseen horrors
  7 hill giants
  2 sea snakes (Lair:6)
  17 hell knights
  9 glowing orange brains
  An infernal demonspawn (Depths:3)
  37 deep trolls
  An anaconda zombie (Hell)
  6 shambling mangroves
  A sea snake (shapeshifter) (Vaults:1)
  15 deep elf archers
  A lindwurm (Lair:2)
  5 naga ritualists (Snake:4)
  A mana viper (shapeshifter) (Vaults:4)
  9 phantasmal warriors
  A golden dragon skeleton (Crypt:3)
  A wolf spider zombie (D:15)
  2 tengu skeletons
  A sphinx zombie (Crypt:2)
  14 necromancers
  18 orc knights
  Pikel (D:5)
  8 mana vipers
  5 harpies
  60 ugly things
  9 orc sorcerers
  9 ironbrand convokers
  87 deep elf magi
  A faun (shapeshifter) (Elf:2)
  8 shining eyes
  A manticore (shapeshifter) (Depths:2)
  6 salamanders
  5 wolf spiders
  An elephant (shapeshifter) (Vaults:2)
  An iron dragon skeleton (Crypt:3)
  2 manticores
  30 moths of wrath
  36 black mambas
  16 naga magi
  4 cyclopes
  10 elephants
  A frost giant skeleton (Crypt:1)
  A spriggan zombie (Depths:1)
  A guardian serpent (shapeshifter) (Elf:1)
  A rust devil (Depths:1)
  3 ice statues (IceCv)
  3 guardian serpents
  A water nymph (shapeshifter) (Depths:2)
  A titan simulacrum (Hell)
  An eye of devastation (Slime:5)
  An elephant slug zombie (Crypt:1)
  3 centaur skeletons (D:15)
  12 vault sentinels
  3 smoke demons
  2 gargoyles
  A shock serpent skeleton (Crypt:3)
  20 spiny frogs
  A dire elephant skeleton (Crypt:2)
  A mottled draconian zombie (Crypt:3)
  A purple draconian zombie (Crypt:2)
  3 torpor snails
  An emperor scorpion zombie (Crypt:3)
  A komodo dragon (shapeshifter) (D:15)
  6 rime drakes
  3 redback zombies (D:15)
  An efreet (Depths:5)
  4 freezing wraiths
  47 yaktaurs
  6 tengu conjurers
  4 hellwings (Depths:1)
  12 komodo dragons
  5 kobold demonologists
  2 ice devils
  2 death drake zombies
  3 human skeletons
  A guardian mummy (Crypt:3)
  3 polar bears
  A silent spectre (Crypt:1)
  A death yak skeleton (Crypt:2)
  3 meliai (D:14)
  2 red devils
  2 polar bears (shapeshifter)
  4 tyrant leeches
  9 trolls
  A jumping spider (shapeshifter) (Depths:1)
  4 tengu simulacra
  13 two-headed ogres
  Grinder (D:3)
  18 hornets
  A wind drake (Lair:6)
  A meliai (shapeshifter) (Vaults:3)
  A two-headed ogre (shapeshifter) (Vaults:3)
  2 harpy skeletons
  2 death drake skeletons (Crypt:1)
  9 hippogriffs
  16 bog bodies
  A blink frog (shapeshifter) (Vaults:3)
  A fire dragon zombie (Hell)
  132 slime creatures
  20 blink frogs
  An ice dragon zombie (Hell)
  3 dream sheep (Lair:6)
  A frost giant simulacrum (Depths:1)
  A guardian serpent zombie (Crypt:1)
  An ettin zombie (Vaults:3)
  A raiju (shapeshifter) (Vaults:3)
  9 redbacks
  2 hippogriffs (shapeshifter)
  A human simulacrum (Vaults:3)
  An ice dragon skeleton (Crypt:3)
  11 air elementals
  4 vampires
  Sigmund (D:2)
  11 water elementals
  9 spriggans
  8 shadows
  9 wraiths
  2 wyverns
  An ettin skeleton (Crypt:3)
  7 fire elementals
  2 tarantellas (Vaults:2)
  2 ynoxinuls (Depths:1)
  2 hungry ghosts
  30 vampire mosquitoes
  54 yaks
  4 basilisks
  8 golden eyes
  2 redback simulacra (D:15)
  A steam dragon (shapeshifter) (Depths:2)
  Edmund (D:5)
  26 swamp worms
  2 harpy simulacra
  18 insubstantial wisps
  11 wargs
  3 mottled dragons
  53 nagas
  18 water moccasins
  A deep troll skeleton (Crypt:1)
  8 porcupines
  2 hell hounds (D:10)
  A porcupine (shapeshifter) (Elf:1)
  20 swamp drakes
  3 sky beasts
  A spriggan simulacrum (Depths:2)
  59 orc warriors
  10 ice beasts
  A black bear (D:12)
  2 elf zombies (Vaults:3)
  6 eyes of draining
  4 necrophages
  A boggart (shapeshifter) (Elf:1)
  4 boggarts
  48 ogres
  3 wolves (Lair:4)
  A hog zombie (Crypt:2)
  7 phantoms
  4 centaurs
  18 crocodiles
  4 big kobolds
  A manticore skeleton (Crypt:3)
  A swamp dragon skeleton (Crypt:3)
  Blork the orc (D:6)
  10 bullfrogs
  2 elf simulacra
  A yaktaur zombie (Depths:1)
  A wyvern zombie (Crypt:3)
  4 earth elementals
  A glowing shapeshifter simulacrum (Depths:3)
  A hell hound skeleton (Crypt:2)
  13 scorpions
  A troll zombie (Crypt:1)
  5 killer bees (D:11)
  A vampire bat (Orc:1)
  5 wights (D:15)
  9 howler monkeys
  3 electric eels
  A bullfrog zombie (D:5)
  4 crimson imps
  3 quasits
  3 human zombies
  40 orc priests
  8 centaur zombies
  10 hounds
  5 jellies
  28 orc wizards
  A two-headed ogre zombie (Crypt:2)
  A yaktaur simulacrum (Vaults:1)
  2 bullfrog skeletons
  Crazy Yiuf (D:7)
  6 iguanas
  Terence (D:2)
  Natasha (twice) (D:2 D:1)
  13 worker ants
  A killer bee zombie (D:5)
  A crocodile zombie (Crypt:2)
  2 big kobold zombies (Ossuary)
  A hound skeleton (D:8)
  16 mummies
  16 adders
  4 gnolls (D:8)
  2 scorpion zombies
  2 shadow imps
  An ufetubus (Vaults:2)
  2 oozes
  An adder zombie (D:6)
  An adder skeleton (D:7)
  A worm (D:4)
  3 dart slugs
  8 leopard geckos
  112 orcs
  A ball python (D:2)
  17 bats
  7 giant cockroaches
  2 gnoll zombies
  10 goblins
  10 hobgoblins
  3 jackals (D:8)
  3 quokkas
  A ball python zombie (Crypt:3)
  3 frilled lizards
  A gnoll skeleton (Crypt:3)
  5 goblin zombies (Ossuary)
  2 hobgoblin zombies (Ossuary)
  20 kobolds
  A kobold zombie (Ossuary)
  2 leopard gecko skeletons
  A leopard gecko zombie (D:6)
  4 orc zombies (Ossuary)
  A quokka skeleton (D:4)
  A quokka zombie (D:5)
  7 rats
  3 fire vortices (Depths:1)
  9 fungi
  3 plants
2730 creatures vanquished.

Vanquished Creatures (collateral kills)
  An azure jelly (Slime:5)
  A hydra (Lair:6)
  An orc knight (Vaults:1)
  A shining eye (Slime:1)
  A deep elf mage (Vaults:4)
  A rime drake (Lair:6)
  2 yaktaurs (Vaults:2)
  3 slime creatures (Slime:1)
  A dream sheep (Lair:6)
  A water elemental (Hell)
  An ogre (Vaults:2)
  A crocodile (Lair:6)
15 creatures vanquished.

Vanquished Creatures (others)
  A deep elf master archer (Elf:3)
  3 yaktaur captains
  A rakshasa (Depths:2)
  2 centaur warriors
  2 naga sharpshooters (Snake:4)
  A deep elf knight (Elf:3)
  3 deep elf archers
  2 deep elf magi (Elf:2)
  2 cyclopes (Vaults:2)
  A moth of wrath (Zot:5)
  15 yaktaurs
  A slime creature (Depths:1)
  A spriggan (Swamp:4)
  A vampire (Depths:4)
  A human (Crypt:1)
  A swamp drake (Swamp:4)
  A boggart (Depths:4)
  An orc wizard (Elf:2)
  A white imp (Depths:1)
  A worm (D:5)
  A ball lightning (Depths:5)
  3 briar patches
  28 fungi
  13 plants
87 creatures vanquished.

Grand Total: 2832 creatures vanquished

Notes
Turn   | Place    | Note
-------+----------+-------------------------------------------
     0 | D:1      | nosre the Formicid Fighter began the quest for the Orb.
     0 | D:1      | Reached XP level 1. HP: 18/18 MP: 1/1
   152 | D:1      | Reached XP level 2. HP: 24/24 MP: 2/2
   536 | D:2      | Noticed Terence
   696 | D:2      | Reached XP level 3. HP: 25/30 MP: 3/3
   771 | D:2      | Noticed Natasha
   786 | D:2      | Killed Natasha
   786 | D:2      | Reached XP level 4. HP: 19/37 MP: 4/4
   834 | D:2      | Noticed Natasha
  1338 | D:2      | Found a sacrificial altar of Ru.
  1558 | D:2      | Reached XP level 5. HP: 43/43 MP: 5/5
  1666 | D:2      | Noticed Sigmund
  1731 | D:1      | Killed Natasha
  1731 | D:1      | Reached skill level 5 in Shields
  1985 | D:3      | Reached XP level 6. HP: 44/50 MP: 6/6
  2496 | D:3      | Found an ancient bone altar of Kikubaaqudgha.
  2787 | D:3      | Found an iron altar of Okawaru.
  2789 | D:3      | Noticed Grinder
  3190 | D:2      | Found a bloodstained altar of Trog.
  3304 | D:3      | Became a worshipper of Warmaster Okawaru
  3499 | D:3      | Reached skill level 5 in Fighting
  3765 | D:4      | Reached skill level 5 in Armour
  3941 | D:4      | Found a shimmering altar of Xom.
  4000 | D:4      | Got an ichor-stained quarterstaff
  4002 | D:4      | Identified the +10 quarterstaff "Uhotwuw" {crush, rElec rPois rN+ Str+2} (You found it on level 4 of the Dungeon)
  4045 | D:4      | Reached skill level 1 in Staves
  4046 | D:4      | Reached skill level 1 in Invocations
  4046 | D:4      | Reached XP level 7. HP: 39/56 MP: 7/7
  4241 | D:4      | Reached * piety under Okawaru
  4321 | D:4      | Found a staircase to the Ecumenical Temple.
  4449 | Temple   | Entered the Ecumenical Temple
  5232 | D:3      | Killed Grinder
  5232 | D:3      | Reached ** piety under Okawaru
  5232 | D:3      | Reached skill level 5 in Staves
  5232 | D:3      | Reached XP level 8. HP: 50/62 MP: 6/9
  5393 | D:2      | Killed Sigmund
  5404 | D:2      | Killed Terence
  5552 | D:5      | Entered Level 5 of the Dungeon
  5567 | D:5      | Found a stormy altar of Qazlal.
  5827 | D:5      | Noticed Pikel
  5840 | D:5      | Killed Pikel
  5840 | D:5      | Reached XP level 9. HP: 65/68 MP: 7/10
  5857 | D:5      | Noticed Edmund
  5876 | D:5      | Killed Edmund
  5876 | D:5      | Reached *** piety under Okawaru
  5991 | D:5      | Found a shattered altar of Ashenzari.
  6262 | D:6      | Noticed Blork the orc
  6275 | D:6      | Killed Blork the orc
  6298 | D:6      | Reached skill level 10 in Staves
  6616 | D:6      | Found an opulent altar of Gozag.
  6652 | D:6      | Found a burning altar of Makhleb.
  6652 | D:6      | Noticed a green death
  7139 | D:7      | Noticed a brown ugly thing
  7149 | D:7      | Killed a brown ugly thing
  7149 | D:7      | Reached **** piety under Okawaru
  7149 | D:7      | Reached XP level 10. HP: 76/76 MP: 8/11
  7161 | D:7      | Found a sand-covered staircase.
  7168 | Ossuary  | Entered an ossuary
  7661 | D:7      | Found a sparkling altar of Nemelex Xobeh.
  7661 | D:7      | Found a faded altar of an unknown god.
  7668 | D:7      | Found a faded altar of an unknown god.
  7670 | D:7      | Found a faded altar of an unknown god.
  7672 | D:7      | Found a faded altar of an unknown god.
  7753 | D:7      | Found a runed door.
  7758 | D:7      | Noticed Crazy Yiuf
  7760 | D:7      | Killed Crazy Yiuf
  8345 | D:8      | Noticed a hill giant
  8350 | D:8      | Killed a hill giant
  8350 | D:8      | Reached ***** piety under Okawaru
  8491 | D:8      | Found a radiant altar of Vehumet.
  8900 | D:9      | Reached XP level 11. HP: 83/84 MP: 12/12
  9068 | D:9      | Found a staircase to the Orcish Mines.
  9104 | D:9      | Noticed Gastronok
  9286 | D:9      | Found Nitotiupp's Distillery.
  9289 | D:9      | Bought a potion of agility for 56 gold pieces
  9296 | D:9      | Found a deep blue altar of Sif Muna.
  9445 | D:9      | Received a gift from Okawaru
  9621 | D:10     | Entered Level 10 of the Dungeon
  9730 | D:10     | Noticed a hill giant
  9738 | D:10     | Killed a hill giant
  9817 | D:10     | Found a staircase to the Lair.
 10458 | D:11     | Reached skill level 1 in Evocations
 10465 | D:11     | Found a shimmering altar of Xom.
 10584 | D:11     | Noticed a hill giant
 10597 | D:11     | Killed a hill giant
 10698 | D:11     | Found a labyrinth entrance.
 10740 | Lab      | Entered a labyrinth
 11083 | Lab      | Noticed a minotaur
 11101 | Lab      | Killed a minotaur
 11101 | Lab      | Received a gift from Okawaru
 11101 | Lab      | Reached XP level 12. HP: 63/94 MP: 8/15
 11102 | Lab      | Got an ichor-stained cloak {god gift}
 11116 | Lab      | Identified the +0 cloak of a wizard's laboratory {MR+} (Okawaru gifted it to you in a labyrinth)
 11128 | Lab      | Identified a +2 rod of ignition (14/14) (You took it off a minotaur in a labyrinth)
 11238 | Lab      | Identified Kikubaaqudgha's Grimoire of Black Rites
 11262 | Lab      | Got a warped plate armour
 11273 | Lab      | Identified the +1 plate armour of Focus {Dex+2} (You found it in a labyrinth)
 11284 | Lab      | Got a shimmering scimitar
 11285 | Lab      | Identified the +7 scimitar of Karma {venom, *Noise Dex+4} (You found it in a labyrinth)
 11295 | Lab      | Got a translucent leather armour
 11307 | Lab      | Identified the +1 leather armour "Ziacec" {rElec rC- Dex+5} (You found it in a labyrinth)
 11425 | D:11     | Reached skill level 5 in Invocations
 11806 | D:11     | Reached skill level 5 in Evocations
 12004 | D:11     | Got a steaming leather armour
 12009 | D:11     | Noticed an unseen horror
 12012 | D:11     | Killed an unseen horror
 12129 | D:12     | Got a warped leather armour
 12144 | D:12     | Identified the cursed +0 leather armour of Day {Regen+} (You found it on level 11 of the Dungeon)
 12155 | D:12     | Identified the cursed +0 leather armour of the Shore {Str-2 Int+9 Dex+2 SInv} (You found it on level 12 of the Dungeon)
 12255 | D:12     | Found a frozen archway.
 12272 | IceCv    | Entered an ice cave
 12768 | IceCv    | Got crude mottled dragon scales
 12804 | IceCv    | Identified the cursed +0 mottled dragon scales of Refuge {SInv} (You found it in an ice cave)
 12881 | D:12     | Received a gift from Okawaru
 12884 | D:12     | Got a brightly glowing chain mail {god gift}
 12896 | D:12     | Identified the +10 chain mail of Okawaru's Supremacy {rElec rF+ MR+ Int+2} (Okawaru gifted it to you on level 12 of the Dungeon)
 13578 | D:13     | Noticed a centaur warrior
 13592 | D:13     | Killed a centaur warrior
 13592 | D:13     | Reached XP level 13. HP: 99/99 MP: 17/19
 14054 | D:13     | Found a gate to the Vaults.
 14833 | D:14     | Noticed Nessos
 14849 | D:14     | Killed Nessos
 14849 | D:14     | Reached skill level 15 in Staves
 15390 | D:9      | Killed Gastronok
 15413 | Orc:1    | Entered Level 1 of the Orcish Mines
 15586 | Orc:1    | Reached ****** piety under Okawaru
 15687 | Orc:1    | Found Weocwi's Magic Scroll Shop.
 15695 | Orc:1    | Bought a scroll of enchant armour for 120 gold pieces
 15695 | Orc:1    | Bought a scroll of identify for 32 gold pieces
 15695 | Orc:1    | Bought a scroll of identify for 32 gold pieces
 16024 | Orc:1    | Found a roughly hewn altar of Beogh.
 16038 | Orc:1    | Received a gift from Okawaru
 16082 | Orc:1    | Got a faintly humming crystal plate armour {god gift}
 16096 | Orc:1    | Identified the +1 crystal plate armour of Valiance {*Slow Str+4 Int+2 Dex+3} (Okawaru gifted it to you on level 1 of the Orcish Mines)
 16171 | Orc:1    | Found Jilusch's Distillery.
 16190 | Orc:1    | Reached skill level 10 in Fighting
 16190 | Orc:1    | Reached XP level 14. HP: 110/110 MP: 20/20
 16266 | Orc:1    | Bought a potion of heal wounds for 70 gold pieces
 16271 | Orc:1    | Gained mutation: Your muscles are strong. (Str +2) [potion of beneficial mutation]
 16340 | Orc:1    | Found Iplonidde's Weapon Boutique.
 16472 | Orc:2    | Entered Level 2 of the Orcish Mines
 16472 | Orc:2    | Found a staircase to the Elven Halls.
 16937 | Orc:2    | Noticed a stone giant
 17175 | Orc:2    | Killed a stone giant
 17175 | Orc:2    | Reached skill level 10 in Evocations
 17664 | Orc:2    | Received a gift from Okawaru
 17812 | Orc:2    | Found Juinnoef's Jewellery Boutique.
 17814 | Orc:2    | Found Ryxul's Jewellery Boutique.
 17814 | Orc:2    | Found Harah's Distillery.
 17815 | Orc:2    | Found Jengaon's Book Boutique.
 17829 | Orc:2    | Bought a +3 ring of evasion for 315 gold pieces
 18047 | Elf:1    | Entered Level 1 of the Elven Halls
 19006 | D:15     | Entered Level 15 of the Dungeon
 19118 | D:15     | Received a gift from Okawaru
 19118 | D:15     | Reached XP level 15. HP: 122/122 MP: 23/23
 19953 | D:15     | Received a gift from Okawaru
 20139 | D:15     | Reached skill level 10 in Shields
 20203 | D:15     | Found a staircase to the Depths.
 20515 | D:15     | Reached skill level 10 in Armour
 20698 | Lair:1   | Entered Level 1 of the Lair of Beasts
 21192 | Lair:1   | Got a faintly humming scale mail
 21204 | Lair:1   | Identified the +8 scale mail "Ofees" {rPois Str-5 SInv Stlth+} (You found it on level 1 of the Lair of Beasts)
 21931 | Lair:2   | Noticed Fannar
 21943 | Lair:2   | Killed Fannar
 21943 | Lair:2   | Received a gift from Okawaru
 21997 | Lair:2   | Got an iridescent quarterstaff {god gift}
 22040 | Lair:2   | Identified the +4 quarterstaff "Nuemiv" {speed, rElec rC+ Dex+2} (Okawaru gifted it to you on level 2 of the Lair of Beasts)
 22060 | Lair:2   | Identified a scroll of acquirement
 22063 | Lair:2   | Got a pair of translucent boots
 22074 | Lair:2   | Identified the +2 pair of boots of Articulation {Regen+ Dex+3} (You acquired it on level 2 of the Lair of Beasts)
 22144 | Lair:2   | Reached XP level 16. HP: 125/130 MP: 25/25
 22921 | Lair:3   | Found a staircase to the Snake Pit.
 23141 | Lair:3   | Noticed Nergalle
 23167 | Lair:3   | Killed Nergalle
 23611 | Lair:3   | Found a runed door.
 23645 | Lair:3   | Identified Sif Muna's Almanac of Earthen Evil
 23932 | Lair:4   | Got a slimy cloak
 23943 | Lair:4   | Identified the cursed -3 cloak "Lareefer" {Dex+2 Stlth+} (You found it on level 4 of the Lair of Beasts)
 24851 | Lair:4   | Found a staircase to the Swamp.
 25661 | Lair:5   | Found a viscous altar of Jiyva.
 25661 | Lair:5   | Found a staircase to the Slime Pits.
 25998 | Lair:5   | Received a gift from Okawaru
 25998 | Lair:5   | Reached skill level 1 in Dodging
 26087 | Lair:6   | Entered Level 6 of the Lair of Beasts
 27109 | Lair:6   | Found a snail-covered altar of Cheibriados.
 27606 | Lair:6   | Reached skill level 5 in Dodging
 27871 | Lair:6   | Received a gift from Okawaru
 27899 | Lair:6   | Reached XP level 17. HP: 125/139 MP: 26/26
 28085 | Lair:6   | Identified a +2 pair of boots of running (Okawaru gifted it to you on level 6 of the Lair of Beasts)
 28153 | Snake:1  | Entered Level 1 of the Snake Pit
 30427 | Snake:2  | Found Qeduom's Jewellery Shop.
 30429 | Snake:2  | Found Guiloo Uxof's Antique Weapon Boutique.
 30431 | Snake:2  | Found Etuth's Weapon Shop.
 30443 | Snake:2  | Bought a +6 ring of evasion for 1014 gold pieces
 30470 | Snake:2  | Reached skill level 15 in Fighting
 31371 | Snake:3  | Found a glowing golden altar of the Shining One.
 31467 | Snake:3  | Received a gift from Okawaru
 31475 | Snake:3  | Got a fine quarterstaff {god gift}
 31476 | Snake:3  | Identified the +6 quarterstaff of Hubris {flame, *Contam rC+ Str+3} (Okawaru gifted it to you on level 3 of the Snake Pit)
 32392 | Snake:3  | Found Kuodghem's General Store.
 32695 | Snake:4  | Entered Level 4 of the Snake Pit
 32943 | Snake:4  | Noticed Saint Roka
 33057 | Snake:4  | Killed Saint Roka
 33443 | Snake:4  | Reached XP level 18. HP: 151/151 MP: 27/27
 33540 | Snake:4  | Received a gift from Okawaru
 33557 | Snake:4  | Got a steaming quarterstaff {god gift}
 33558 | Snake:4  | Identified the +6 quarterstaff of Plunder {crush, Int+3} (Okawaru gifted it to you on level 4 of the Snake Pit)
 34467 | Snake:4  | Received a gift from Okawaru
 34614 | Snake:4  | Noticed Aizul
 34909 | Snake:4  | Got a serpentine rune of Zot
 35227 | Snake:4  | Killed Aizul
 35505 | Snake:4  | Got a translucent short sword {flame}
 35506 | Snake:4  | Identified the +7 short sword "Vopub" {flame, +Blink rPois rF+++ rC-} (You took it off a naga on level 4 of the Snake Pit)
 36039 | Elf:1    | Reached skill level 10 in Dodging
 36271 | Elf:1    | Found Mympon's General Store.
 36685 | Elf:2    | Found Jutuew's General Store.
 37128 | Elf:2    | Found a runed gate.
 37128 | Elf:2    | Found a runed gate.
 37129 | Elf:2    | Found a runed gate.
 37211 | Elf:2    | Received a gift from Okawaru
 37211 | Elf:2    | Reached XP level 19. HP: 161/161 MP: 29/29
 37212 | Elf:2    | Got a crude ring mail {god gift}
 37223 | Elf:2    | Identified the +5 ring mail "Aluzephu" {-Tele rC+ Dex+7} (Okawaru gifted it to you on level 2 of the Elven Halls)
 37865 | Elf:2    | Reached skill level 15 in Evocations
 39126 | Elf:3    | Entered Level 3 of the Elven Halls
 39178 | Elf:3    | Found a deep blue altar of Sif Muna.
 39521 | Elf:1    | Noticed Lucio's ghost (journeyman DrBe)
 39561 | Elf:1    | Killed Lucio's ghost
 39820 | Elf:3    | Received a gift from Okawaru
 39821 | Elf:3    | Got a faintly glowing ring mail {god gift}
 40124 | Elf:3    | Identified the +5 ring mail of Inevitability {MR++ Stlth+} (Okawaru gifted it to you on level 3 of the Elven Halls)
 40319 | Elf:3    | Got a faintly humming robe
 40332 | Elf:3    | Identified the +0 robe of Vexation {-Cast rElec Dex+9 SInv} (You found it on level 3 of the Elven Halls)
 41110 | Elf:3    | Found Zottufo's Weapon Boutique.
 41303 | Elf:3    | Reached skill level 1 in Stealth
 41337 | Elf:3    | Reached XP level 20. HP: 147/170 MP: 32/32
 41901 | Elf:3    | Got a wavering steel ring
 41902 | Elf:3    | Got an ichor-stained shield
 41917 | Elf:3    | Got a scintillating silver ring
 42018 | Elf:3    | Identified the cursed +0 shield of Generosity {rC+++ Int+6 Dex-3} (You took it off a deep elf mage on level 3 of the Elven Halls)
 42037 | Elf:3    | Identified the ring "Niocveuw" {rPois MR+ SInv} (You took it off a deep elf mage on level 3 of the Elven Halls)
 42039 | Elf:3    | Identified the ring of Laganug {*Tele MR+ Str+4} (You took it off a deep elf sorcerer on level 3 of the Elven Halls)
 42156 | Elf:3    | Reached skill level 5 in Stealth
 42489 | Elf:3    | Got a sparkling iron ring
 42573 | Elf:3    | Got a jewelled chain mail
 42705 | Elf:3    | Identified the +8 chain mail of the Tired Wonders {rElec rC++ rN++} (You took it off a deep elf high priest on level 3 of the Elven Halls)
 42768 | Elf:3    | Identified the ring "Istroteech" {Int+2 Dex+2 SInv} (You found it on level 3 of the Elven Halls)
 42802 | Elf:3    | Received a gift from Okawaru
 43679 | Elf:3    | Identified the Compendium of the Ensnaring Mountains
 43682 | Elf:3    | Identified the Catalogue of Boosting Creation
 43733 | Elf:3    | Identified the Incunabulum of Frigorific Evil Arts
 43873 | Elf:3    | Received a gift from Okawaru
 45253 | Swamp:1  | Entered Level 1 of the Swamp
 45561 | Swamp:1  | Got a slimy hand axe
 45592 | Swamp:1  | Identified the +8 hand axe "Ruataru" {flame, *Drain +Blink rPois Str+5} (You found it on level 1 of the Swamp)
 46089 | Swamp:1  | Reached XP level 21. HP: 168/177 MP: 33/33
 46486 | Swamp:2  | Received a gift from Okawaru
 46506 | Swamp:2  | Noticed Donald
 46533 | Swamp:2  | Killed Donald
 46737 | Swamp:2  | Noticed Nikola
 46754 | Swamp:2  | Killed Nikola
 46754 | Swamp:2  | Received a gift from Okawaru
 46755 | Swamp:2  | Got a ripped robe {god gift}
 46770 | Swamp:2  | Identified the +1 robe "Engyivuw" {rElec Int+4 Dex-5} (Okawaru gifted it to you on level 2 of the Swamp)
 47596 | Swamp:3  | Got a faintly glowing robe
 47607 | Swamp:3  | Identified the cursed +0 robe of the Devil {Int+3} (You found it on level 3 of the Swamp)
 48104 | Swamp:3  | Reached skill level 15 in Armour
 48597 | Swamp:4  | Entered Level 4 of the Swamp
 49874 | Swamp:4  | Received a gift from Okawaru
 49927 | Swamp:4  | Got a decaying rune of Zot
 50311 | Slime:1  | Entered Level 1 of the Pits of Slime
 50336 | Slime:1  | Noticed Frank's ghost (adept GrFi)
 50400 | Slime:1  | Killed Frank's ghost
 51151 | Vaults:1 | Entered Level 1 of the Vaults
 51340 | Vaults:1 | Reached XP level 22. HP: 168/184 MP: 32/34
 51368 | Vaults:1 | Reached skill level 15 in Shields
 51741 | Vaults:1 | Identified Sif Muna's Grimoire of Shifting Darkness
 52755 | Vaults:1 | Received a gift from Okawaru
 54499 | Vaults:2 | Found Puodih's Gadget Emporium.
 54534 | Vaults:2 | Noticed Frederick
 54581 | Vaults:2 | Killed Frederick
 55340 | Vaults:2 | Received a gift from Okawaru
 55369 | Vaults:2 | Reached XP level 23. HP: 190/190 MP: 35/35
 57124 | Vaults:2 | Found a staircase to the Crypt.
 57532 | Vaults:3 | Received a gift from Okawaru
 58368 | Vaults:3 | Received a gift from Okawaru
 59762 | Vaults:3 | Found Qagox's Food Boutique.
 59820 | Vaults:3 | Received a gift from Okawaru
 61038 | Vaults:4 | Received a gift from Okawaru
 61038 | Vaults:4 | Reached XP level 24. HP: 197/197 MP: 35/35
 61046 | Vaults:4 | Got a polished lajatang {god gift}
 61047 | Vaults:4 | Identified the +2 lajatang of Lickes {vamp, rF+ Int+2 Dex+4} (Okawaru gifted it to you on level 4 of the Vaults)
 62471 | Vaults:4 | Got a warped steel amulet
 62829 | Vaults:4 | Identified the amulet of Baasutru {rF- rN++ Regen+ Dex+5} (You found it on level 4 of the Vaults)
 63294 | Slime:1  | Received a gift from Okawaru
 63297 | Slime:1  | Got an ivory quarterstaff {god gift}
 63298 | Slime:1  | Identified the +2 quarterstaff "Vakhlyixo" {pain, rElec rPois MR+} (Okawaru gifted it to you on level 1 of the Pits of Slime)
 64252 | Slime:3  | Gained mutation: Your spells are a little easier to cast, but a little less powerful. [a shining eye]
 64253 | Slime:3  | Gained mutation: Your body sometimes deteriorates upon taking damage. [a shining eye]
 64533 | Slime:3  | Received a gift from Okawaru
 65061 | Slime:4  | Lost mutation: Your muscles are strong. (Str +2) [a shining eye]
 65203 | Slime:5  | Entered Level 5 of the Pits of Slime
 65301 | Slime:5  | Gained mutation: You are frail. (-10% HP) [a shining eye]
 65304 | Slime:5  | Gained mutation: You are weak. (Str -2) [a shining eye]
 65650 | Slime:5  | Gained mutation: Your spells are easier to cast, but less powerful. [a shining eye]
 65652 | Slime:5  | Gained mutation: You expend magic power (3 MP) to strengthen your wands. [a shining eye]
 65717 | Slime:5  | Gained mutation: You regenerate slowly when monsters are visible. [a shining eye]
 65723 | Slime:5  | Noticed the Royal Jelly
 66339 | Crypt:1  | Entered Level 1 of the Crypt
 66359 | Crypt:1  | Received a gift from Okawaru
 66365 | Crypt:1  | Got spiked shadow dragon scales {god gift}
 66376 | Crypt:1  | Identified the +5 shadow dragon scales "Quev" {*Contam rElec rC- Dex+6 Stlth++++} (Okawaru gifted it to you on level 1 of the Crypt)
 66420 | Crypt:1  | Reached XP level 25. HP: 183/183 MP: 35/35
 66571 | Crypt:1  | Noticed Xtahua
 66590 | Crypt:1  | Killed Xtahua
 66746 | Crypt:1  | Found a basalt altar of Yredelemnul.
 66823 | Crypt:1  | Noticed Mennas
 67549 | Crypt:1  | Found a runed door.
 67866 | Crypt:1  | Noticed an ancient lich
 68036 | Crypt:1  | Killed Mennas
 68602 | D:10     | Lost mutation: You expend magic power (3 MP) to strengthen your wands. [potion of cure mutation]
 68602 | D:10     | Lost mutation: Your body sometimes deteriorates upon taking damage. [potion of cure mutation]
 68619 | D:10     | Gained mutation: You expend magic power (3 MP) to strengthen your wands. [mutagenic glow]
 69215 | Crypt:1  | Killed an ancient lich
 69285 | Crypt:1  | Got a warped ring mail
 69287 | Crypt:1  | Got a translucent scale mail
 69309 | Crypt:1  | Identified the +3 ring mail of Xeophuipe {+Fly rC++} (You found it on level 1 of the Crypt)
 69331 | Crypt:1  | Identified the +4 scale mail of Welloeh {MR+ Int+5 Dex-2 SInv} (You found it on level 1 of the Crypt)
 69344 | Crypt:1  | Got a shimmering crystal plate armour
 69367 | Crypt:1  | Identified the +8 crystal plate armour "Danar" {rPois rCorr} (You found it on level 1 of the Crypt)
 70046 | Crypt:1  | Received a gift from Okawaru
 70049 | Crypt:1  | Got a brightly glowing quarterstaff {god gift}
 70051 | Crypt:1  | Identified the +9 quarterstaff of Sivu {drain, +Rage +Fly Str-5} (Okawaru gifted it to you on level 1 of the Crypt)
 70768 | Crypt:2  | Reached skill level 10 in Stealth
 71500 | Crypt:1  | Learned a level 5 spell: Aura of Abjuration
 71711 | Depths:1 | Entered Level 1 of the Depths
 71823 | Depths:1 | Reached skill level 1 in Spellcasting
 71866 | Depths:1 | Reached skill level 1 in Summonings
 72527 | Depths:1 | Found a one-way gate leading to the halls of Pandemonium.
 72606 | Depths:1 | Reached XP level 26. HP: 190/190 MP: 35/35
 72801 | Depths:1 | Found a gateway to Hell.
 73190 | Depths:1 | Found a runed door.
 73196 | Depths:1 | Found a runed door.
 73253 | Depths:1 | Received a gift from Okawaru
 73531 | Depths:1 | Found a burning altar of Makhleb.
 73544 | Depths:1 | Got a twitching marble ring
 73558 | Depths:1 | Identified the +1 scythe of Kyxtuta {slice, Int+3} (You found it on level 1 of the Depths)
 73564 | Depths:1 | Identified the ring of Zyarig {Ice rN+} (You found it on level 1 of the Depths)
 73568 | Depths:1 | Got a pitted glass ring
 73570 | Depths:1 | Identified the ring of Broken Luck {Fire *Drain Int+4 Dex+2} (You found it on level 1 of the Depths)
 74241 | Depths:2 | Reached skill level 5 in Summonings
 74294 | Depths:2 | Found an ancient bone altar of Kikubaaqudgha.
 74405 | Depths:2 | Reached skill level 5 in Spellcasting
 76051 | Depths:2 | Found Sauma's Jewellery Emporium.
 76052 | Depths:2 | Found Tegh's Gadget Boutique.
 76053 | Depths:2 | Found Saen Mef's Jewellery Emporium.
 76153 | Depths:2 | Received a gift from Okawaru
 76170 | Depths:2 | Got a pair of polished gloves {god gift}
 76183 | Depths:2 | Identified the +1 pair of gloves "Rump" {rPois Int+4} (Okawaru gifted it to you on level 2 of the Depths)
 76277 | Depths:3 | Found Qianuz's Book Emporium.
 76448 | Depths:3 | Noticed an ancient lich
 76469 | Depths:3 | Killed an ancient lich
 76574 | Depths:3 | Reached XP level 27. HP: 200/200 MP: 35/35
 76593 | Depths:3 | Cast into level 2 of the Abyss (a wizard)
 76614 | Depths:3 | Escaped the Abyss
 77115 | Depths:3 | Received a gift from Okawaru
 78090 | Depths:3 | Noticed Louise
 78096 | Depths:3 | Found a one-way gate to the infinite horrors of the Abyss.
 78141 | Depths:3 | Reached skill level 10 in Summonings
 78162 | Depths:3 | Killed Louise
 78205 | Depths:3 | Reached skill level 10 in Spellcasting
 78853 | Slime:5  | Killed the Royal Jelly
 78853 | Slime:5  | Received a gift from Okawaru
 79087 | Slime:5  | Got a bronze chain mail {god gift}
 79098 | Slime:5  | Identified the +1 chain mail "Juduk" {rCorr Int+2} (Okawaru gifted it to you on level 5 of the Pits of Slime)
 79314 | Slime:5  | Got a slimy rune of Zot
 79381 | Slime:5  | Identified the cursed +0 dagger "Corheiri" {freeze, +Blink rN+ Str+2} (You found it on level 5 of the Pits of Slime)
 79402 | Slime:5  | Identified the +5 scimitar of Shame {slice, rPois rC- Str-3 Dex+4} (You found it on level 5 of the Pits of Slime)
 79427 | Slime:5  | Identified a +3 rod of ignition (10/10) (You found it on level 5 of the Pits of Slime)
 79977 | Slime:5  | Learned a level 5 spell: Summon Mana Viper
 80639 | Depths:4 | Got a scorched ring mail
 80650 | Depths:4 | Identified the +1 ring mail of Xajomet {Regen+ Str+4} (You found it on level 4 of the Depths)
 80979 | Depths:4 | Found a sparkling altar of Nemelex Xobeh.
 82475 | Depths:4 | Received a gift from Okawaru
 82503 | Depths:4 | Got a pair of spiked gloves {god gift}
 82520 | Depths:4 | Identified the +1 pair of gloves of the Hart {Dex+5} (Okawaru gifted it to you on level 4 of the Depths)
 82761 | Depths:4 | Identified Sif Muna's Collected Works on the Hurtful Arsonist
 84138 | Depths:5 | Entered Level 5 of the Depths
 84485 | Depths:5 | Found Timarusch's Antique Armour Shoppe.
 85846 | Depths:5 | Found a gateway to a ziggurat.
 86229 | Depths:5 | Received a gift from Okawaru
 86237 | Depths:5 | Found a gate to the Realm of Zot.
 86642 | Crypt:3  | Entered Level 3 of the Crypt
 87899 | Crypt:3  | Received a gift from Okawaru
 88561 | Crypt:3  | Reached skill level 15 in Summonings
 88838 | Crypt:3  | Reached skill level 15 in Spellcasting
 89214 | Crypt:3  | Found a staircase to the Tomb.
 89286 | Crypt:3  | Received a gift from Okawaru
 89309 | Crypt:3  | Got a faintly glowing scale mail {god gift}
 89350 | Crypt:2  | Identified the +3 scale mail of Ositoek {rF+ Int+2 Dex-3 SInv} (Okawaru gifted it to you on level 3 of the Crypt)
 89365 | Crypt:2  | Learned a level 3 spell: Call Canine Familiar
 89370 | Crypt:2  | Learned a level 4 spell: Summon Ice Beast
 89828 | Crypt:3  | Noticed an ancient lich
 89828 | Crypt:3  | Noticed an ancient lich
 90381 | Crypt:3  | Noticed an ancient lich
 90381 | Crypt:3  | Noticed an ancient lich
 90387 | Crypt:3  | Identified the Almanac of Glacial Evil Rituals
 90389 | Crypt:3  | Got a slimy marble ring
 90597 | Vaults:2 | Identified the ring "Galobb" {rC+ Int+3} (You found it on level 3 of the Crypt)
 91407 | Hell     | Entered the Vestibule of Hell
 91407 | Hell     | Noticed Geryon
 91600 | Hell     | Noticed Murray
 91938 | Zot:1    | Entered Level 1 of the Realm of Zot
 93706 | Zot:2    | Noticed an orb of fire
 93712 | Zot:2    | Gained mutation: You are clumsy. (Dex -2) [an orb of fire]
 93726 | Zot:2    | Gained mutation: You are dopey. (Int -2) [an orb of fire]
 93728 | Zot:2    | Killed an orb of fire
 94485 | Zot:2    | Received a gift from Okawaru
 94662 | Zot:3    | Received a gift from Okawaru
 96898 | Zot:3    | Noticed an orb of fire
 96899 | Zot:3    | Gained mutation: You are very weak. (Str -4) [an orb of fire]
 96908 | Zot:3    | Killed an orb of fire
 97089 | Zot:3    | Identified the +7 quarterstaff "Newtbane" {protect, -Tele Dex+4 SInv} (You found it on level 3 of the Realm of Zot)
 97744 | Zot:4    | Received a gift from Okawaru
 98199 | D:10     | Lost mutation: You are dopey. (Int -2) [potion of cure mutation]
 98199 | D:10     | Lost mutation: You are clumsy. (Dex -2) [potion of cure mutation]
 98199 | D:10     | Lost mutation: You are frail. (-10% HP) [potion of cure mutation]
 98199 | D:10     | Lost mutation: You are very weak. (Str -4) [potion of cure mutation]
 98199 | D:10     | Lost mutation: You are weak. (Str -2) [potion of cure mutation]
 98200 | D:10     | Lost mutation: You regenerate slowly when monsters are visible. [potion of cure mutation]
 98200 | D:10     | Lost mutation: You expend magic power (3 MP) to strengthen your wands. [potion of cure mutation]
 98200 | D:10     | Lost mutation: Your spells are easier to cast, but less powerful. [potion of cure mutation]
 98200 | D:10     | Lost mutation: Your spells are a little easier to cast, but a little less powerful. [potion of cure mutation]
 98202 | D:10     | Gained mutation: Your flesh is cold resistant. (rC+) [potion of beneficial mutation]
 98203 | D:10     | Gained mutation: You possess an exceptional clarity of mind. [potion of beneficial mutation]
 99851 | Zot:5    | Entered Level 5 of the Realm of Zot
100249 | Zot:5    | Noticed an orb of fire
100288 | Zot:5    | Gained mutation: Your magical capacity is low. (-10% MP) [an orb of fire]
100297 | Zot:5    | Gained mutation: Your magical capacity is very low. (-20% MP) [an orb of fire]
100308 | Zot:5    | Killed an orb of fire
100450 | Zot:5    | Noticed an ancient lich
100469 | Zot:5    | Killed an ancient lich
100531 | Zot:5    | Received a gift from Okawaru
100695 | Zot:5    | Noticed an orb of fire
100695 | Zot:5    | Gained mutation: Potions and wands are less effective at restoring your health. [an orb of fire]
100716 | Zot:5    | Gained mutation: Your magical capacity is extremely low. (-30% MP) [an orb of fire]
100720 | Zot:5    | Killed an orb of fire
100804 | Zot:5    | Noticed an orb of fire
100837 | Zot:5    | Gained mutation: Potions and wands are poor at restoring your health. [an orb of fire]
100839 | Zot:5    | Gained mutation: You are frail. (-10% HP) [an orb of fire]
100843 | Zot:5    | Killed an orb of fire
101064 | Zot:5    | Noticed an orb of fire
101078 | Zot:5    | Gained mutation: Armour fits poorly on your strangely shaped body. [an orb of fire]
101082 | Zot:5    | Gained mutation: You are clumsy. (Dex -2) [an orb of fire]
101088 | Zot:5    | Killed an orb of fire
101111 | Zot:5    | Noticed an orb of fire
101126 | Zot:5    | Gained mutation: Your body sometimes deteriorates upon taking damage. [an orb of fire]
101134 | Zot:5    | Killed from afar by an orb of fire

Skill      XL: |  1  2  3  4  5  6  7  8  9 10 11 12 13 14 15 16 17 18 19 20 21 22 23 24 25 26 27 |
---------------+----------------------------------------------------------------------------------+-----
Shields        | 4 5 6 9 11 13 14 16 17 19 20 21 | 21.3
Fighting       | 4 5 7 8 10 12 13 14 16 17 18 19 20 | 20.9
Armour         | 4 5 7 8 10 12 14 15 17 18 19 20 21 | 21.0
Staves         | 1 5 8 10 11 12 13 15 16 17 18 19 20 | 20.8
Invocations    | 1 2 4 8 |  8.0
Evocations     | 3 7 9 11 13 14 16 | 16.4
Dodging        | 5 8 10 12 | 12.0
Stealth        | 2 9 10 13 | 13.0
Spellcasting   | 3 8 18 | 18.0
Summonings     | 3 8 18 | 18.0
Axes           | |  2.0

Action                   |  1- 3 |  4- 6 |  7- 9 | 10-12 | 13-15 | 16-18 | 19-21 | 22-24 | 25-27 || total
-------------------------+-------+-------+-------+-------+-------+-------+-------+-------+-------++-------
Melee: War axe           |    65 |   189 |       |       |       |       |       |       |       ||   254
       Quarterstaff      |       |     6 |   178 |   587 |  1200 |  2140 |  1985 |  2415 |   741 ||  9252
       Lajatang          |       |       |       |       |       |       |       |       |  5158 ||  5158
 Fire: Hunting sling     |       |     3 |       |     4 |       |       |       |       |       ||     7
       Hand crossbow     |       |       |       |     4 |       |       |       |       |       ||     4
Throw: Tomahawk          |       |       |       |       |       |       |       |     1 |       ||     1
 Cast: Aura of Abjuratio |       |       |       |       |       |       |       |       |    19 ||    19
       Call Canine Famil |       |       |       |       |       |       |       |       |     7 ||     7
       Summon Ice Beast  |       |       |       |       |       |       |       |       |     1 ||     1
Invok: Heroism           |       |       |     5 |     8 |    13 |     7 |     8 |    10 |    37 ||    88
       Finesse           |       |       |       |     1 |       |     1 |     1 |     3 |    14 ||    20
 Abil: Dig               |       |     7 |     4 |     6 |    14 |    24 |    19 |       |    53 ||   127
       Evoke Flight      |       |       |       |       |       |       |       |       |     2 ||     2
Evoke: Wand              |       |       |       |     1 |     4 |     4 |    14 |    13 |    13 ||    49
       Sack of spiders   |       |       |       |       |       |     1 |     1 |       |     1 ||     3
       Lamp of fire      |       |       |       |       |       |     1 |       |       |     1 ||     2
       Disc of storms    |       |       |       |       |       |       |     1 |       |       ||     1
       Phial of floods   |       |       |       |       |       |       |       |     3 |     5 ||     8
       Fan of gales      |       |       |       |       |       |       |       |       |     4 ||     4
       Box of beasts     |       |       |       |       |       |       |       |       |     3 ||     3
       Phantom mirror    |       |       |       |       |       |       |       |       |     2 ||     2
  Use: Scroll            |       |     1 |     4 |    21 |    11 |    11 |    12 |     7 |    26 ||    93
       Potion            |       |       |       |       |     2 |       |     2 |     1 |    10 ||    15
 Stab: Paralysed         |       |     1 |       |       |       |       |       |       |       ||     1
       Distracted        |       |       |       |       |       |     2 |     2 |       |     1 ||     5
       Confused          |       |       |       |       |       |       |     1 |       |     4 ||     5
       Sleeping          |       |       |       |       |       |       |       |       |     7 ||     7
  Eat: Chunk             |       |    11 |    10 |    16 |    35 |    42 |    43 |    34 |    66 ||   257
       Pizza             |       |       |       |     3 |       |     2 |     1 |     2 |     3 ||    11
       Fruit             |       |       |       |     2 |       |     1 |       |       |       ||     3
       Beef jerky        |       |       |       |       |       |     2 |     1 |       |       ||     3
       Royal jelly       |       |       |       |       |       |       |     1 |       |       ||     1
       Bread ration      |       |       |       |       |       |       |       |     2 |    13 ||    15
Armor: Scale mail        |    24 |    81 |    32 |    28 |       |       |       |       |       ||   165
       Plate armour      |       |       |       |   134 |       |       |       |       |       ||   134
       Chain mail        |       |       |       |    11 |   249 |   315 |   230 |   318 |    10 ||  1133
       Shadow dragon sca |       |       |       |       |       |       |       |     3 |    50 ||    53
       Crystal plate arm |       |       |       |       |       |       |       |       |  1250 ||  1250
       Gold dragon scale |       |       |       |       |       |       |       |       |    65 ||    65
Dodge: Dodged            |    19 |    79 |    34 |    99 |   194 |   532 |   713 |   946 |  2245 ||  4861
Block: Shield            |    43 |   114 |    61 |   217 |   429 |   937 |       |  1329 |  3842 ||  6972
       Reflection        |       |       |       |       |       |    74 |    46 |   116 |   107 ||   343
       Large shield      |       |       |       |       |       |   196 |  1471 |   161 |       ||  1828
